Unix NetHack Version 5.0.0-0 post-release - last build Jul 19 2026 19:10:59 (3aa4ab31751d3886436d94b585a96704892fd477,branch:main).

Game began 2026-07-22 23:22:36, ended 2026-07-23 17:42:04.

BeardyHaddock, neutral male gnomish Archeologist

                -----------
                |.........|
                |.........|#
                |.........-f#@r
                |.........|#  #  ..
                +.........|
                |.....$...|
                -----------

BeardyHaddock the Investigator  St:12 Dx:10 Co:13 In:17 Wi:14 Ch:9  Neutral
Dlvl:6  $:0  HP:0(46) Pw:28(28) AC:7  Xp:6 T:4743  Burdened

Latest messages:
 You hit the iguana!
 You hit the iguana!
 You knock the iguana backward with a powerful blow!
 You kill the iguana!
 You start digging.
 You hit the rock with all your might.
 You stop digging.
 What do you want to drop? [$a-oq-twyA or ?*] $
 You drop 116 gold pieces.
 The leprechaun hits!
 You hit the leprechaun!
 You hit the leprechaun!
 You hit the leprechaun!
 You kill the leprechaun!
 You see here 99 gold pieces.
 You have a little trouble lifting $ - 99 gold pieces.
 You swap places with your large cat.
 You see here 116 gold pieces.
 You have a little trouble lifting $ - 116 gold pieces (215 in total).
 You see here an iron skull cap.
 You start digging.
 You hit the rock with all your might.
 You make an opening in the wall.
 You see here 141 gold pieces.
 You have a little trouble lifting $ - 141 gold pieces (356 in total).
 You see here a gold piece.
 You have a little trouble lifting $ - a gold piece (357 in total).
 You fall down the stairs.
 What do you want to drop? [$a-oq-twyA or ?*] $
 You drop 357 gold pieces.
 You see here a scroll of confuse monster.
 You have a little trouble lifting B - a scroll of confuse monster.
 You hit the rabid rat.
 The rabid rat bites!
 You miss the rabid rat.
 The rabid rat bites!
 The rabid rat's bite was poisoned!
 You hit the rabid rat.
 The rabid rat bites!
 The rabid rat's bite was poisoned!
 You hit the rabid rat.
 The rabid rat bites!
 The rabid rat's bite was poisoned!
 You hear the howling of the CwnAnnwn...
 You die...
 Do you want your possessions identified? [ynq] (y) y
 Do you want to see your attributes? [ynq] (y) n
 Do you want an account of creatures vanquished? [ynaq] (y) n
 Do you want to see your conduct and achievements? [ynq] (y) n
 Do you want to see the dungeon overview? [ynq] (y) n

Inventory:
 Weapons  (')')
  q - 10 cursed -1 darts
  a - a +2 bullwhip (alternate weapon; not wielded)
 Armor    ('[')
  c - an uncursed +0 fedora (being worn)
  m - a blessed +0 pair of leather gloves (being worn)
  l - an uncursed +0 pair of speed boots (being worn)
  w - a cursed -1 leather cloak
  n - an uncursed +0 leather armor
  b - a blessed +0 leather jacket (being worn)
 Comestibles  ('%')
  k - 2 uncursed cram rations
  i - 2 uncursed cream pies
  d - 6 uncursed food rations
  t - an uncursed tin of spinach
 Scrolls  ('?')
  B - a blessed scroll of confuse monster
  o - an uncursed scroll of food detection
  r - an uncursed scroll of magic mapping
 Spellbooks  ('+')
  A - an uncursed spellbook of slow monster
 Potions  ('!')
  y - 3 uncursed potions of healing
 Rings    ('=')
  s - an uncursed +1 ring of adornment
 Tools    ('(')
  h - an empty uncursed sack
  j - an uncursed lock pick
  e - a +0 pick-axe (weapon in right hand)
  f - a tinning kit (0:57)
 Gems/Stones  ('*')
  g - an uncursed touchstone

BeardyHaddock the Archeologist's attributes:

Background:
 You were an Investigator, a level 6 male gnomish Archeologist.
 You were neutral, on a mission for Camaxtli
 who was opposed by Quetzalcoatl (lawful) and Huhetotl (chaotic).
 You were right-handed.
 You were in the Dungeons of Doom, on level 6.
 You entered the dungeon 4743 turns ago.
 You had 431 experience points, 209 more were needed to attain level 7.

Basics:
 You had 0 out of 46 hit points.
 You had all 28 energy points (spell power).
 Your armor class was 7.
 Your wallet was empty.
 Autopickup was off.

Final Characteristics:
 Your strength was 12 (limit:18/50).
 Your dexterity was 10 (peak:11, limit:18).
 Your constitution was 13 (limit:18).
 Your intelligence was 17 (limit:19).
 Your wisdom was 14 (limit:18).
 Your charisma was 9 (limit:18).

Final Status:
 You weren't hungry.
 You were burdened; movement was slightly slowed.
 You were wielding a pick-axe.
 You were skilled in pick-axe.

Final Attributes:
 You were piously aligned.
 You had automatic searching.
 You had infravision.
 You were stealthy.
 You were very fast.
 You were lucky.
 You are dead.

Miscellaneous:
 You didn't encounter any bones levels.
 Total elapsed playing time was 1 hour, 15 minutes and 23 seconds.

Major events:
 Turn
    1: BeardyHaddock the neutral male gnomish Archeologist entered the dungeon
  988: attained the rank of Field Worker (level 3)
 3150: attained the rank of Investigator (level 6)
 4743: killed by a rabid rat

Spells:
 Name                 Level Category     Fail Retention
 slow monster           2   enchantment   65%  76%-100%

Skills:
 Fighting Skills
   bare handed combat [Unskilled]
   two weapon combat  [Unskilled]
   riding             [Unskilled]
 Weapon Skills
   dagger             [Unskilled]
   knife              [Unskilled]
   pick-axe           [Skilled]
   short sword        [Unskilled]
   saber              [Unskilled]
   club               [Unskilled]
   quarterstaff       [Unskilled]
   sling              [Unskilled]
   dart               [Unskilled]
   boomerang          [Unskilled]
   whip               [Basic]
   unicorn horn       [Unskilled]
 Spellcasting Skills
   attack spells      [Unskilled]
   healing spells     [Unskilled]
   divination spells  [Unskilled]
   matter spells      [Unskilled]

Voluntary challenges:
 Character rerolling was not enabled.
 You never genocided any monsters.
 You never polymorphed an object.
 You never changed form.
 You used no wishes.
Achievements:
 You entered a shop.
 You attained the rank of Field Worker.
 You attained the rank of Investigator.

 The Dungeons of Doom: levels 1 to 6
    Level 1:
    Level 2:
       An armor shop.
    Level 3:
       A general store, a fountain.
    Level 4:
       A general store.
    Level 5:
       A general store.
    Level 6: <- You were here.
       Final resting place for
          you, killed by a rabid rat.


Vanquished creatures:
  a giant mimic
  a small mimic
  2 leprechauns
  a rock piercer
  a pony
  a shrieker
  a kobold mummy
  a giant ant
  a floating eye
  a homunculus
  a kobold leader
  9 hill orcs
  a rothe
  a rabid rat
  a giant bat
  a dwarf zombie
  4 iguanas
  a coyote
  4 manes
  a large kobold
  2 hobgoblins
  5 giant rats
  a cave spider
  a brown mold
  a yellow mold
  2 gnome zombies
  2 geckos
  5 jackals
  a fox
  2 kobolds
  2 goblins
  3 sewer rats
  4 grid bugs
  2 bats
  7 lichens
  2 kobold zombies
  8 newts
85 creatures vanquished.

No species were genocided or became extinct.

Game over:
                       ----------
                      /          \
                     /    REST    \
                    /      IN      \
                   /     PEACE      \
                  /                  \
                  |  BeardyHaddock   |
                  |       0 Au       |
                  |   killed by a    |
                  |    rabid rat     |
                  |                  |
                  |                  |
                  |       2026       |
                 *|     *  *  *      | *
        _________)/\\_//(\/(/\)/\//\/|_)_______

Goodbye BeardyHaddock the Archeologist...

You died in The Dungeons of Doom on dungeon level 6 with 1994 points,
and 0 pieces of gold, after 4743 moves.
You were level 6 with a maximum of 46 hit points when you died.

